 Dungeon Crawl Stone Soup version 0.19-a0-1021-g80cc50c (webtiles) character file.

546 epen the Poker (level 7, -18/55 HPs)
             Began as a Merfolk Chaos Knight on July 27, 2016.
             Demolished by an orc warrior (27 damage)
             ... on level 4 of the Dungeon.
             The game lasted 00:05:25 (3205 turns).

epen the Poker (Merfolk Chaos Knight)               Turns: 3205, Time: 00:05:26

Health: -18/55     AC:  9    Str: 15    XL:     7   Next: 28%
Magic:  7/7        EV: 14    Int: 11    God:    Xom [.*....]
Gold:   141        SH:  0    Dex: 13    Spells: 0 memorised, 6 levels left

rFire  . . .     SeeInvis .     A - +0 scythe
rCold  . . .     Gourm    .     b - +2 leather armour
rNeg   + . .     Faith    .     (shield currently unavailable)
rPois  +         Spirit   .     (no helmet)
rElec  .         Dismiss  +     n - +0 cloak
rCorr  .         Reflect  .     e - +2 pair of gloves
SustAt .         Harm     .     (no boots)
MR     .....                    y - amulet of dismissal
Stlth  +.........               r - ring of positive energy
                                u - ring of poison resistance

@: not resistant to hostile enchantments, very unstealthy
A: change form in water, swift swim
a: Renounce Religion


You were on level 4 of the Dungeon.
You worshipped Xom.
You were a plaything of Xom.
You were hungry.

You visited 1 branch of the dungeon, and saw 4 of its levels.

You collected 141 gold pieces.

Inventory:

Hand Weapons
 a - a +0 spear of chaos
 A - a +0 scythe (weapon)
Armour
 b - a +2 leather armour (worn)
 e - a +2 pair of gloves (worn)
 n - a +0 cloak (worn)
Jewellery
 r - a ring of positive energy (right hand)
 u - a ring of poison resistance (left hand)
 y - an amulet of dismissal (around neck)
Wands
 j - a wand of polymorph (12/24)
 v - a wand of teleportation (1/9)
Scrolls
 h - 4 scrolls of identify {unknown}
 i - a scroll of magic mapping {unknown}
 s - 2 scrolls of teleportation {unknown}
 t - 4 scrolls of remove curse {unknown}
 w - 2 scrolls of enchant weapon {unknown}
 x - 2 scrolls of random uselessness {unknown}
 B - a scroll of enchant armour {unknown}
Potions
 d - a potion of lignification {unknown}
 g - a potion of curing {unknown}
 k - a potion of brilliance {unknown}
 m - a potion of ambrosia {unknown}
 p - a potion of degeneration {unknown}
Miscellaneous
 q - a lamp of fire
Comestibles
 c - 5 bread rations
 f - a slice of pizza
 l - a beef jerky
 o - 2 fruits


   Skills:
 + Level 4.7 Fighting
 * Level 7.6 Polearms
 * Level 3.1 Armour
 + Level 4.7 Dodging


You had 6 spell levels left.
You didn't know any spells.

Dungeon Overview and Level Annotations

Branches:
Dungeon (4/15)
 Temple: D:4-7

Altars:
Fedhas
Kikubaaqudgha
Okawaru
Uskayaw
Zin

Annotations:
D:4 feamirim's ghost, amateur GrFi


Message History

You hit the orc warrior but do no damage.
The orc warrior is heavily wounded.
The orc warrior barely misses you.
You barely miss the orc warrior.
The orc warrior is heavily wounded.
The orc warrior barely misses you.
You slash the orc warrior!
The orc warrior is severely wounded.
The orc warrior hits you with a battleaxe!!
Ouch! That really hurt!
You emit a cloud of colourful smoke!
You hit the orc warrior but do no damage.
The orc warrior is severely wounded. "Time to have some fun!"
The orc warrior's battleaxe dances into the air!
The orc warrior hits you!
* * * LOW HITPOINT WARNING * * *
The orc warrior hits you!!
You die...
Xom snickers!

.........#
.#######.#########
..# #.........#
.♣# #########.# .♣
#.# .. #.# ._♣ #§#
..♣ #§# #@# #o#
#(# ..# ..# ...#
.#.. #...#


You could see an orc warrior and a friendly battleaxe.

Vanquished Creatures
  Sigmund (D:3)
  An ogre (D:4)
  A crimson imp (D:4)
  A hound (D:4)
  Terence (D:2)
  Natasha (twice) (D:3)
  An orc wizard (D:4)
  A worker ant (D:4)
  2 adders
  An ooze (D:1)
  An adder skeleton (D:4)
  3 worms (D:2)
  3 dart slugs
  3 orcs
  2 ball pythons
  8 goblins
  9 hobgoblins
  6 jackals
  9 kobolds
  4 quokkas
  8 bats
  5 giant newts
  13 rats
86 creatures vanquished.

Notes
Turn   | Place    | Note
-------+----------+-------------------------------------------
     0 | D:1      | epen the Merfolk Chaos Knight began the quest for the Orb.
     0 | D:1      | Reached XP level 1. HP: 18/18 MP: 1/1
    30 | D:1      | Reached skill level 1 in Armour
    76 | D:1      | Reached XP level 2. HP: 24/24 MP: 2/2
   317 | D:1      | XOM: potion effect (haste)
   396 | D:1      | Reached XP level 3. HP: 29/29 MP: 3/3
   668 | D:1      | Reached skill level 5 in Polearms
   980 | D:2      | Found a hide-covered altar of Uskayaw.
  1256 | D:2      | Found a faded altar of an unknown god.
  1269 | D:2      | Reached XP level 4. HP: 37/37 MP: 4/4
  1404 | D:2      | XOM: god gift: lamp of fire
  1475 | D:2      | Noticed Terence
  1491 | D:2      | Killed Terence
  1579 | D:2      | Found an ancient bone altar of Kikubaaqudgha.
  1580 | D:2      | Found a blossoming altar of Fedhas.
  1749 | D:3      | Reached XP level 5. HP: 38/42 MP: 5/5
  1773 | D:3      | Noticed Sigmund
  1795 | D:3      | Killed Sigmund
  1795 | D:3      | Reached skill level 6 in Polearms
  1795 | D:3      | Reached XP level 6. HP: 33/48 MP: 6/6
  1987 | D:3      | Noticed Natasha
  1998 | D:3      | Killed Natasha
  2025 | D:3      | XOM: god gift: 39 gold pieces
  2264 | D:3      | Found an iron altar of Okawaru.
  2281 | D:3      | XOM: god gift: 6 tomahawks of returning
  2541 | D:3      | XOM: harmless Air miscast
  2550 | D:4      | Noticed feamirim's ghost (amateur GrFi)
  2552 | D:4      | XOM: divination: detect items
  2553 | D:4      | XOM: divination: magic mapping
  2554 | D:4      | XOM: butterfly on damage
  2554 | D:4      | XOM: smoke on damage
  2735 | D:3      | Noticed Natasha
  2743 | D:3      | Killed Natasha
  2766 | D:4      | Reached skill level 7 in Polearms
  2819 | D:4      | Reached XP level 7. HP: 4/55 MP: 7/7
  2821 | D:4      | Found a glowing silver altar of Zin.
  2945 | D:4      | XOM: potion effect (agility)
  3105 | D:4      | XOM: harmless Fire miscast
  3172 | D:4      | XOM: harmless Erth miscast
  3199 | D:4      | XOM: enchant monster (bad)
  3204 | D:4      | XOM: smoke on damage
  3205 | D:4      | Demolished by an orc warrior

Vault maps used:
D:1:      saegor_arrival_simple_e, minivault_23
D:2:      grunt_temple_overflow_growth_and_decay,
          eat_drink_and_be_merry_uskayaw, ecumenical_altar_2, uniq_terence
D:3:      first_bread, kennysheep_okawaru_gauntlet, uniq_natasha, uniq_sigmund
D:4:      zin_academy, serial_shops,
          nicolae_shop_temple_entry_statues_fountains,
          kennysheep_generic_room_11, uniq_edmund

Skill      XL: |  1  2  3  4  5  6 |
---------------+-------------------+-----
Armour         | 1 2 3 |  3.1
Dodging        | 3 4 |  4.7
Polearms       | 5 6 7 |  7.6
Fighting       | 4 |  4.7

Action                   |  1- 3 |  4- 6 |  7- 9 || total
-------------------------+-------+-------+-------++-------
Melee: Spear             |   131 |   124 |       ||   255
       Unarmed           |       |    12 |       ||    12
       Scythe            |       |    49 |    19 ||    68
 Stab: Sleeping          |     4 |     1 |       ||     5
       Petrifying        |     2 |     1 |       ||     3
  Eat: Chunk             |     1 |     6 |       ||     7
Armor: Leather armour    |    16 |    50 |     5 ||    71
Dodge: Dodged            |    37 |    92 |    17 ||   146
